 Dungeon Crawl Stone Soup version 0.29-a0-275-g389c0b56f3 (webtiles) character file.

Game seed: 1366948895424657289

3669 Inarius the Cleaver (level 10, 0/75 HPs)
             Began as a Human Fighter on Mar 12, 2022.
             Was a High Priest of Cheibriados.
             Slain by an orc knight
             ... wielding a +0 battleaxe
              (21 damage)
             ... in a bailey.
             The game lasted 00:13:14 (7280 turns).

Inarius the Cleaver (Human Fighter)                 Turns: 7280, Time: 00:13:15

Health: 0/75       AC: 15    Str: 31    XL:     10   Next: 34%
Magic:  11/11      EV:  7    Int: 20    God:    Cheibriados [*****.]
Gold:   311        SH: 13    Dex: 30    Spells: 9/9 levels left

rFire   . . .      SeeInvis .   a - +0 war axe
rCold   . . .      Faith    .   c - +0 buckler
rNeg    . . .      Spirit   .   p - +0 plate armour
rPois   .          Reflect  +   v - +0 helmet
rElec   .          Harm     .   (no cloak)
rCorr   +          Rampage  .   (no gloves)
Will    +....                   q - +0 pair of boots
Stlth   ..........              e - amulet of reflection
HPRegen 0.22/turn               o - ring of Rationality {Will+ Dex+6 Stlth+}
MPRegen 0.12/turn               z - ring of resist corrosion

@: mighty, very slow
A: no striking features
a: Renounce Religion, Bend Time, Temporal Distortion, Slouch, Step From Time


You were in a bailey.
You worshipped Cheibriados.
Cheibriados was extremely pleased with you.
You visited 1 branch of the dungeon, and saw 8 of its levels.
You also visited: Bailey.

You collected 311 gold pieces.

Inventory:

Hand Weapons
 a - a +0 war axe (weapon)
 A - a +1 whip of electrocution
 B - a +2 hand axe of flaming
Armour
 c - a +0 buckler (worn)
 i - a +3 ring mail
 m - a +2 hat
 p - a +0 plate armour (worn)
 q - a +0 pair of boots (worn)
 v - a +0 helmet (worn)
Jewellery
 e - an amulet of reflection (around neck)
 o - the ring of Rationality (left hand) {Will+ Dex+6 Stlth+}
   (You found it on level 2 of the Dungeon)

   [ring of dexterity]

   Dex:       It affects your dexterity (+6).
   Will:      It increases your willpower.
   Stlth:     It makes you more stealthy.
 t - a +6 ring of intelligence
 z - a ring of resist corrosion (right hand)
 D - an amulet of the acrobat
Scrolls
 b - 2 scrolls of blinking
 f - 2 scrolls of teleportation
 h - 2 scrolls of vulnerability
 l - 2 scrolls of holy word
 r - a scroll of magic mapping {unknown}
 y - a scroll of enchant armour {unknown}
 C - a scroll of summoning
Potions
 g - 3 potions of haste
 j - a potion of heal wounds {unknown}
 k - a potion of curing
 n - a potion of berserk rage {unknown}
 s - a potion of lignification {unknown}
 u - a potion of flight {unknown}
 w - 2 potions of attraction {unknown}


   Skills:
 + Level 5.6 Fighting
 * Level 11.2 Axes
 + Level 5.6 Armour
 + Level 6.1 Shields
 * Level 2.4 Invocations


You had 9 spell levels left.
You didn't know any spells.
Your spell library contained the following spells:

 Spells                   Type           Power      Damage    Failure   Level
 Shock                    Conj/Air       0%         1d3       91%         1
 Sting                    Tmut/Pois      0%         1d3       91%         1
 Sublimation of Blood     Necr           0%         N/A       97%         2
 Dazzling Flash           Conj/Hex       0%         N/A       99%         3
 Swiftness                Air            0%         N/A       99%         3
 Airstrike                Air            0%         N/A       100%        4
 Animate Armour           Summ/Erth      0%         N/A       100%        4
 Iskenderun's Mystic Bla  Conj/Tloc      0%         2d3       100%        4
 Petrify                  Tmut/Erth      0%         N/A       100%        4
 Summon Ice Beast         Ice/Summ       0%         N/A       100%        4
 Agony                    Necr           0%         N/A       100%        5
 Fireball                 Conj/Fire      0%         3d3       100%        5
 Irradiate                Conj/Tmut      0%         3d13      100%        5
 Iskenderun's Battlesphe  Conj           0%         2d6       100%        5
 Silence                  Hex/Air        0%         N/A       100%        5
 Conjure Ball Lightning   Conj/Air       0%         3x3d6     100%        6
 Starburst                Conj/Fire      0%         6d3       100%        6
 Orb of Destruction       Conj           0%         9d5       100%        7


Dungeon Overview and Level Annotations

Branches:
Dungeon (8/15)             Temple (0/1) D:4          Bailey (1/1)
   Lair: D:8-11

Altars:
Ashenzari
Cheibriados
Gozag
Hepliaklqana
Kikubaaqudgha
Okawaru
Ru
Sif Muna
Xom
The Shining One

Shops:
D:4 [

Annotations:
D:3 1 runed translucent door, Crazy Yiuf
D:7 Prince Ribbit


Message History

You block the orc warrior's attack.
The orc warrior attacks as you move away!
The orc warrior hits you with a +0 war axe!
The gnoll attacks as you move away! The gnoll barely misses you.
You block the orc warrior's attack. You block the gnoll's attack.
The orc warrior barely misses you. The orc warrior closely misses you.
As you read the scroll of fear, it crumbles to dust.
You assume a fearsome visage.
The orc warrior looks frightened! x3
The gnoll looks frightened!
The orc warrior looks frightened!
The orc warrior screams, "Help!"
The orc warrior almost stumbles in trying to escape.
Unknown command.
The orc warrior nearly stumbles in trying to escape.
The orc knight roars a battlecry!
You hear a shout! x2
There is an open door, spattered with blood here.
Items here: )))))) [[[[[[ †††.
You close the door, pushing everything out of the way.
Things that are here:
a +0 hand axe; a +0 leather armour Something unseen opens the door.
You aren't carrying any items that you can evoke.
Unknown command.
Unknown command.
You hit the orc knight.
The orc knight is lightly wounded.
You block the orc knight's attack.
Okay, then.
You feel very mighty all of a sudden.
The orc knight hits you with a +0 battleaxe!
* * * LOW HITPOINT WARNING * * *
You closely miss the orc knight.
The orc knight is lightly wounded.
You barely miss the orc. You block the orc knight's attack.
You block the orc's attack.
You slash the orc knight!
The orc knight is moderately wounded.
You hit the orc.
The orc knight hits you with a +0 battleaxe!!
You die...

#######.)...⌠.....####
##.....##).......)##...
#.......).........'....
##......)##.......##....
#.........#.......#.....
##.........##.....##.....
#.....⌠.....#######.....⌠
##.........## ##.....
#......@..# #.....
##....oo.## ##....
#.......# #.... ##†[)..##
##'#### ##)[...##
#.......# ##..)....##
#.........#


You could see an orc knight and an orc (strong).

Vanquished Creatures
  Pikel (D:6)
  Grinder (D:4)
  A steam dragon (D:5)
  Menkaure (D:4)
  A water moccasin (D:7)
  A black bear (D:7)
  3 sky beasts
  3 orc warriors (Bailey)
  2 centaurs
  3 bullfrogs
  2 necrophages (D:5)
  A gnoll sergeant (D:5)
  2 scorpions
  A water moccasin zombie (D:5)
  8 wights
  A bullfrog zombie (D:5)
  6 orc priests
  A centaur zombie (D:5)
  4 hounds (D:5)
  A jelly (D:6)
  A human zombie (D:5)
  2 iguanas
  4 orc wizards
  3 mummies (D:5)
  Robin (D:4)
  10 gnolls
  7 adders
  2 white imps (D:7)
  2 worms
  2 dart slugs
  27 orcs
  5 ball pythons
  An endoplasm (D:2)
  A giant cockroach (D:2)
  20 goblins
  13 hobgoblins
  3 jackals (D:1)
  2 kobolds
  2 quokkas
  7 rats
159 creatures vanquished.

Notes
Turn   | Place    | Note
-------+----------+-------------------------------------------
     0 | D:1      | Inarius the Human Fighter began the quest for the Orb.
     0 | D:1      | Reached XP level 1. HP: 18/18 MP: 1/1
    90 | D:1      | Reached XP level 2. HP: 24/24 MP: 2/2
   517 | D:1      | Found a faded altar of an unknown god.
   520 | D:1      | Prayed at the altar of an unknown god.
   520 | D:1      | Became a worshipper of Cheibriados the Contemplative
   520 | D:1      | Reached * piety under Cheibriados
   668 | D:2      | Got Vetsugg's Catalogue of the Nocuous Escort
   848 | D:2      | Reached XP level 3. HP: 27/29 MP: 3/3
  1101 | D:2      | Identified the ring of Rationality {Will+ Dex+6 Stlth+}
  1454 | D:3      | Reached skill level 3 in Axes
  1454 | D:3      | Reached XP level 4. HP: 25/35 MP: 4/4
  1692 | D:3      | Reached ** piety under Cheibriados
  1820 | D:3      | Found a runed translucent door.
  1821 | D:3      | Noticed Crazy Yiuf
  1925 | D:3      | Found a sacrificial altar of Ru.
  1972 | D:3      | Reached XP level 5. HP: 32/41 MP: 5/5
  2135 | D:3      | Found an iron altar of Okawaru.
  2136 | D:3      | Found a shimmering blue altar of Sif Muna.
  2137 | D:3      | Found a hazy altar of Hepliaklqana.
  2404 | D:4      | Noticed Menkaure
  2491 | D:4      | Noticed Robin
  2502 | D:4      | Killed Robin
  2503 | D:4      | Reached skill level 4 in Axes
  2862 | D:4      | Found a shimmering altar of Xom.
  2863 | D:4      | Found a shimmering altar of Xom.
  2864 | D:4      | Found Nutetoc's Antique Armour Shoppe.
  3041 | D:4      | Found a shimmering altar of Xom.
  3085 | D:4      | Reached XP level 6. HP: 25/47 MP: 6/6
  3086 | D:4      | Killed Menkaure
  3087 | D:4      | Reached skill level 5 in Axes
  3339 | D:4      | Found a staircase to the Ecumenical Temple.
  3373 | D:4      | Noticed Grinder
  3374 | D:4      | Paralysed by Grinder for 3 turns
  3391 | D:4      | Killed Grinder
  3392 | D:4      | Reached XP level 7. HP: 45/53 MP: 3/7
  3487 | D:4      | Reached skill level 6 in Axes
  3628 | D:5      | Entered Level 5 of the Dungeon
  3664 | D:5      | Reached *** piety under Cheibriados
  3715 | D:5      | Reached XP level 8. HP: 40/60 MP: 8/8
  3722 | D:5      | HP: 3/60 [gnoll sergeant/+0 quarterstaff (5)]
  3726 | D:5      | Reached skill level 7 in Axes
  4304 | D:5      | Reached skill level 5 in Shields
  4354 | D:5      | Reached skill level 8 in Axes
  4368 | D:5      | Reached **** piety under Cheibriados
  4415 | D:5      | Reached XP level 9. HP: 66/66 MP: 9/9
  4441 | D:5      | Found an ancient bone altar of Kikubaaqudgha.
  4623 | D:5      | Found a glowing golden altar of the Shining One.
  4880 | D:6      | Found a broken altar of Ashenzari.
  4992 | D:6      | Reached skill level 9 in Axes
  5196 | D:6      | Noticed Pikel
  5201 | D:6      | Killed Pikel
  5202 | D:6      | Reached skill level 5 in Fighting
  5410 | D:6      | Reached skill level 5 in Armour
  5522 | D:6      | Reached skill level 10 in Axes
  6125 | D:7      | Noticed Prince Ribbit
  6149 | D:7      | Found an opulent altar of Gozag.
  6155 | D:7      | Reached XP level 10. HP: 19/74 MP: 10/10
  6652 | D:7      | Reached skill level 1 in Invocations
  7102 | D:8      | Found a flagged portal.
  7113 | Bailey   | Entered a bailey
  7132 | Bailey   | Reached ***** piety under Cheibriados
  7207 | Bailey   | Reached skill level 11 in Axes
  7263 | Bailey   | Noticed an orc knight
  7280 | Bailey   | Slain by an orc knight

Illustrated notes

Levels and vault maps discovered:
D:1:      lemuel_arrival_hallway, layout_basic,
          shapermc_ecumenical_altar_mp_vishouse, lemuel_another_geyser
D:2:      layout_basic, mrwooster_statue_mirror
D:3:      layout_basic, mainiacjoe_overflow_catwalk,
          chequers_temple_overflow_statue_of_worship, minmay_bisected,
          uniq_crazy_yiuf_cottage
D:4:      layout_rooms, xom_redecorated, minmay_temple_entry_fiery,
          serial_shops, shop, uniq_robin, uniq_menkaure, uniq_grinder
D:5:      layout_basic, lemuel_mausoleum_altar_kikubaaqudgha,
          nicolae_tso_swordbearing_angel, enter_ossuary_5, minivault_26,
          serial_park_tiny_pond
D:6:      layout_gridville, amcnicky_altar_gilded, uniq_pikel
D:7:      layout_cave_pools, lemuel_tele_altar, minmay_fountain_box,
          hangedman_decor_peaks_small, hangedman_decor_push, uniq_prince_ribbit1
D:8:      minmay_recursive_quarters, layout_cave_pools, enter_bailey_5,
          uniq_maurice
Bailey:   bailey_axe_minmay_hex_keep, bailey

Skill      XL: |  1  2  3  4  5  6  7  8  9 10 |
---------------+-------------------------------+-----
Axes           | 3 4 5 6 8 10 11 | 11.2
Armour         | 4 5 |  5.6
Shields        | 4 5 6 |  6.1
Fighting       | 4 5 |  5.6
Invocations    | 2 |  2.4

Action                   |  1- 3 |  4- 6 |  7- 9 | 10-12 || total
-------------------------+-------+-------+-------+-------++-------
Melee: War axe           |    55 |    97 |   228 |   110 ||   490
Invok: Bend Time         |       |     1 |       |       ||     1
       Temporal Distorti |       |       |     1 |       ||     1
  Use: Potion            |       |     3 |     3 |     1 ||     7
       Scroll            |       |       |     6 |     3 ||     9
 Stab: Sleeping          |       |     2 |       |       ||     2
       Distracted        |       |       |       |     1 ||     1
Armor: Scale mail        |    28 |    35 |       |       ||    63
       Plate armour      |       |    14 |   116 |    22 ||   152
Dodge: Dodged            |    19 |    27 |    34 |    27 ||   107
Block: Buckler           |    22 |    47 |   137 |    58 ||   264
       Reflection        |       |       |     7 |     3 ||    10

Table legend: (Time is in decaauts)
 A = Elapsed time spent in this place.
 B = Non-inter-level travel time spent in this place.
 C = Inter-level travel time spent in this place.
 D = Time resting spent in this place.
 E = Time spent auto-exploring this place.
 F = Levels seen in this place.
 G = Mean time per level.
                   A        B        C        D        E       F      G
               +--------+--------+--------+--------+--------+-----+--------+
         Total |   9588 |   9125 |    463 |   1855 |   5270 |   9 | 1065.3 |
       Dungeon |   9349 |   8886 |    463 |   1841 |   5270 |   8 | 1168.6 |
        Bailey |    239 |    239 |      0 |     13 |      0 |   1 |  239.0 |
               +--------+--------+--------+--------+--------+-----+--------+

Top non-repeatable levels by time:
     D:6: 1718 daAuts
     D:5: 1712 daAuts
     D:3: 1602 daAuts
     D:7: 1330 daAuts
     D:4: 1209 daAuts
     D:2: 1202 daAuts
     D:1: 556 daAuts
  Bailey: 239 daAuts
     D:8: 15 daAuts
